 Dungeon Crawl Stone Soup version 0.21.1-1-g345015f (webtiles) character file.

130 shakethe the Changer (level 5, -3/33 HPs)
             Began as an Octopode Transmuter on Feb 7, 2018.
             Killed by divine providence
             ... invoked by an orc priest
              (10 damage)
             ... on level 2 of the Dungeon.
             The game lasted 00:07:14 (2246 turns).

shakethe the Changer (Octopode Transmuter)          Turns: 2246, Time: 00:07:14

Health: -3/33      AC:  1    Str: 10    XL:     5   Next: 13%
Magic:  9/9        EV: 13    Int: 15    God:
Gold:   72         SH:  0    Dex: 13    Spells: 3/9 levels left

rFire    . . .     SeeInvis .     - Unarmed
rCold    . . .     Gourm    .   (no shield)
rNeg     . . .     Faith    .   (helmet restricted)
rPois    .         Spirit   .   (no amulet)
rElec    .         Reflect  .   (no ring)
rCorr    .         Harm     .   (no ring)
MR       .....                  (no ring)
Stlth    ++........             (no ring)
HPRegen  0.11/turn              (no ring)
MPRegen  0.11/turn              (no ring)
                                (no ring)
                                (no ring)

@: no status effects
A: almost no armour, stealthy swim, amphibious, 8 rings, constrict 8, camouflage
1, gelatinous body 1
a: no special abilities


You were on level 2 of the Dungeon.
You were hungry.

You visited 1 branch of the dungeon, and saw 2 of its levels.

You collected 72 gold pieces.

Inventory:

Missiles
 a - 30 arrows
Jewellery
 e - a +6 ring of intelligence {unknown}
Scrolls
 d - 2 scrolls of identify {unknown}
 j - 2 scrolls of teleportation {unknown}
Potions
 f - a potion of haste {unknown}
 g - 2 potions of flight {unknown}
 h - a potion of brilliance {unknown}
 i - 2 potions of curing {unknown}
 k - a potion of heal wounds {unknown}
Books
 b - a book of Changes

   Spells                             Type                      Level
   a - Beastly Appendage              Transmutation                1
   b - Sticks to Snakes               Transmutation                2
   c - Spider Form                    Transmutation/Poison         3
   d - Ice Form                       Ice/Transmutation            4
   e - Blade Hands                    Transmutation                5
Comestibles
 c - 4 rations


   Skills:
 - Level 1.0 Fighting
 - Level 2.0 Dodging
 + Level 3.8 Unarmed Combat
 + Level 2.9 Spellcasting
 * Level 3.8 Transmutations


You had 3 spell levels left.
You knew the following spells:

 Your Spells              Type           Power        Failure   Level  Hunger
a - Beastly Appendage     Tmut           ##....       4%          1    #......
b - Sticks to Snakes      Tmut           ##......     6%          2    ##.....
c - Spider Form           Tmut/Pois      #.........   26%         3    ###....


Dungeon Overview and Level Annotations

Branches:
Dungeon (2/15)

Altars:
Ashenzari


Innate Abilities, Weirdness & Mutations

You cannot wear most types of armour.
You are very stealthy in the water. (Stealth+)
You are amphibious.
You can wear up to eight rings at the same time.
You can use your tentacles to constrict eight enemies at once.
Your skin changes colour to match your surroundings (Stealth+).
Your rubbery body absorbs attacks. (AC +1, EV +1)


Message History

Things that are here:
a dagger; a kobold corpse The orc priest calls down the wrath of Beogh upon you.
Beogh smites you!
You hear a shout!
A centaur comes into view.
The orc wizard shouts!
The centaur wields a shortbow.
The centaur shoots an arrow.
The arrow hits you.
You see here an arrow.
You tentacle-slap the orc priest. You grab the orc priest.
You squeeze the orc priest.
The orc priest is heavily wounded.
You constrict the orc priest.
The orc priest hits you with a hand axe.
* * * LOW HITPOINT WARNING * * *
The centaur shoots an arrow.
The arrow closely misses you.
You release your grip on the orc priest.
The orc priest calls down the wrath of Beogh upon you.
Beogh smites you!
You die...

#.#### #.#
#.# #.# #.# #
#.# #####..
#.# .......
#.####....#o.
#..@.o..o....
######c...#..
.#### .. ###


You could see a centaur, an orc priest and an orc wizard.

Vanquished Creatures
  Robin (D:2)
  5 adders (D:2)
  2 gnolls (D:2)
  A dart slug (D:1)
  2 leopard geckos (D:1)
  5 bats
  2 giant cockroaches (D:1)
  17 goblins
  4 hobgoblins
  3 jackals (D:1)
  8 kobolds
  6 rats
56 creatures vanquished.

Notes
Turn   | Place    | Note
-------+----------+-------------------------------------------
     0 | D:1      | shakethe the Octopode Transmuter began the quest for the Orb.
     0 | D:1      | Reached XP level 1. HP: 13/13 MP: 3/3
   174 | D:1      | Reached XP level 2. HP: 4/18 MP: 3/5
   736 | D:1      | Reached XP level 3. HP: 20/23 MP: 6/6
   804 | D:1      | Learned a level 2 spell: Sticks to Snakes
  1089 | D:2      | Noticed a centaur
  1168 | D:2      | Noticed Robin
  1215 | D:2      | Killed Robin
  1215 | D:2      | Reached XP level 4. HP: 17/28 MP: 5/7
  1547 | D:2      | Found a shattered altar of Ashenzari.
  1795 | D:2      | Saw a vision of the Swamp and the Snake Pit.
  1795 | D:2      | Noticed a naga mage
  1795 | D:2      | Noticed a salamander
  1795 | D:2      | Noticed a naga
  1795 | D:2      | Noticed a naga warrior
  1795 | D:2      | Noticed an alligator
  1795 | D:2      | Noticed a naga ritualist
  1796 | D:2      | Noticed a naga
  1796 | D:2      | Noticed a black mamba
  1796 | D:2      | Noticed a naga sharpshooter
  1797 | D:2      | Noticed a naga warrior
  1797 | D:2      | Noticed a naga
  1917 | D:2      | Reached XP level 5. HP: 21/33 MP: 7/9
  2186 | D:2      | Learned a level 3 spell: Spider Form
  2243 | D:2      | Noticed a centaur
  2246 | D:2      | Killed from afar by an orc priest

Skill      XL: |  1  2  3 |
---------------+----------+-----
Transmutations | 3 |  3.8
Fighting       | |  1.0
Dodging        | |  2.0
Unarmed Combat | |  3.8
Spellcasting   | |  2.9

Action                   |  1- 3 |  4- 6 || total
-------------------------+-------+-------++-------
Melee: Unarmed           |    69 |    39 ||   108
       Constrict         |    22 |    12 ||    34
       Tentacles         |    15 |     6 ||    21
       Kick              |    14 |     6 ||    20
       Punch             |     1 |     2 ||     3
 Cast: Beastly Appendage |    17 |     4 ||    21
       Sticks to Snakes  |       |     2 ||     2
 Stab: Sleeping          |     3 |     1 ||     4
  Eat: Chunk             |     1 |     3 ||     4
Armor: Skin              |     4 |       ||     4
Dodge: Dodged            |    36 |    25 ||    61
